 Dungeon Crawl Stone Soup version 0.24-a0-235-g3f03afcf10 (webtiles) character file.

Game seed: 15675197770890009880

17 Redear the Grave Robber (level 2, -2/19 HPs)
             Began as a Vampire Necromancer on Apr 7, 2019.
             Slain by a leopard gecko (5 damage)
             ... on level 2 of the Dungeon.
             The game lasted 00:07:01 (413 turns).

Redear the Grave Robber (Vampire Necromancer)        Turns: 413, Time: 00:07:02

Health: -2/19      AC:  3    Str:  7    XL:     2   Next: 44%
Magic:  1/5        EV: 12    Int: 17    God:
Gold:   14         SH:  0    Dex: 14    Spells: 3/5 levels left

rFire    . . .     SeeInvis +   g - +0 dagger
rCold    . . .     Gourm    .   (no shield)
rNeg     + . .     Faith    .   a - +0 robe
rPois    .         Spirit   .   (no helmet)
rElec    .         Reflect  .   e - +0 cloak
rCorr    .         Harm     .   (no gloves)
MR       .....                  (no boots)
Stlth    +++.......             (no amulet)
HPRegen  0.06/turn              (no ring)
MPRegen  0.09/turn              (no ring)

@: no status effects
A: fangs 3, see invisible, unbreathing
a: no special abilities


You were on level 2 of the Dungeon.
You were not thirsty.

You visited 1 branch of the dungeon, and saw 2 of its levels.

You collected 14 gold pieces.

Inventory:

Hand Weapons
 f - a +0 hunting sling
 g - a +0 dagger (weapon)
Armour
 a - a +0 robe (worn)
 e - a +0 cloak (worn)
 h - a +0 leather armour
Jewellery
 c - an uncursed ring of ice {rC+ rF-}
Scrolls
 b - 2 scrolls of identify {unknown}
Potions
 d - a potion of brilliance {unknown}
 z - 3 potions of blood {@q9}


   Skills:
 - Level 2.1 Dodging
 + Level 4.0 Stealth
 - Level 2.0 Spellcasting
 + Level 4.8 Necromancy


You had 3 spell levels left.
You knew the following spells:

 Your Spells              Type           Power        Failure   Level  Hunger
a - Pain                  Necr           ###.         2%          1    #......
b - Animate Skeleton      Necr           N/A          2%          1    #......

Your spell library contained the following spells:

 Spells                   Type           Power        Failure   Level  Hunger
 Vampiric Draining        Necr           ###.......   9%          3    ###....
 Regeneration             Chrm/Necr      #.........   22%         3    ###....
 Animate Dead             Necr           N/A          26%         4    #####..


Dungeon Overview and Level Annotations

Branches:
Dungeon (2/15)

Altars:


Innate Abilities, Weirdness & Mutations

You have razor-sharp teeth.
You have supernaturally acute eyesight. (SInv)
You can survive without breathing.


Message History

The leopard gecko is severely wounded.
The leopard gecko bites you.
You take 2 damage, and have 7/19 hp.
Unknown command.
You hit the leopard gecko but do no damage.
The leopard gecko is severely wounded.
The leopard gecko bites you but does no damage. x2
The leopard gecko closely misses you.
Your magical contamination has completely faded away.
An adder comes into view.
The leopard gecko closely misses you.
The adder hisses angrily.
Found a whip.
The adder bites you.
* * * LOW HITPOINT WARNING * * *
The adder bites you.
* * * LOW HITPOINT WARNING * * *
You take 4 damage, and have 3/19 hp.
MASSIVE DAMAGE!!
The leopard gecko bites you.
You die...

#......)..#$..###.
#................#
###.#.....####..#..
#.)#....## #...
##.#.##..####.#..
#.†.##.......) .
##..##g.....##
#######...##lS......
#.....#.....@.......
#........#..........
#........#....#####..#
#.....#.##...<# ##..###
#.....#.......# #.....#
#.....#.##....# ##.#...####
#.....#......>###..#...... .
##...........#......#..####.
###.#..#....#.#..###....##.


You could see an adder, a leopard gecko and a hobgoblin.

Vanquished Creatures
  An ooze (D:1)
  3 goblins (D:1)
  A hobgoblin (D:2)
  3 bats
  A frilled lizard (D:2)
  3 kobolds
  A rat (D:2)
13 creatures vanquished.

Notes
Turn   | Place    | Note
-------+----------+-------------------------------------------
     0 | D:1      | Redear the Vampire Necromancer began the quest for the Orb.
     0 | D:1      | Reached XP level 1. HP: 13/13 MP: 3/3
   159 | D:1      | Reached XP level 2. HP: 14/19 MP: 0/5
   312 | D:2      | Learned a level 1 spell: Animate Skeleton
   341 | D:2      | Reached skill level 4 in Stealth
   413 | D:2      | Slain by a leopard gecko

Levels and vault maps discovered:
D:1:      saegor_arrival_simple_a, layout_basic, chequers_serial_rivers_micro_e
D:2:      layout_rooms, nicolae_ru_awakened_eye

Skill      XL: |  1  2 |
---------------+-------+-----
Stealth        | 4 |  4.0
Dodging        | |  2.1
Spellcasting   | |  2.0
Necromancy     | |  4.8

Action                   || total
-------------------------++-------
Melee: Unarmed           ||    12
       Bite              ||     1
       Dagger            ||    13
 Cast: Pain              ||    26
  Use: Potion            ||     2
Armor: Robe              ||    16
Dodge: Dodged            ||    35

Table legend:
 A = Non-vault XP
 B = Vault XP
 C = Vault XP percentage of total XP
 D = Non-vault monster count
 E = Vault monster count
 F = Vault count percentage of total count
                 A         B        C        D         E       F
            +---------+---------+-------+---------+---------+-------
      Total |      25 |       0 |   0.0 |      13 |       0 |   0.0
            +---------+---------+-------+---------+---------+-------
        D:1 |      17 |       0 |   0.0 |       7 |       0 |   0.0
        D:2 |       8 |       0 |   0.0 |       6 |       0 |   0.0
            +---------+---------+-------+---------+---------+-------
